 Dungeon Crawl Stone Soup version 0.21-a0-193-g085b6a0 (webtiles) character file.

1680 MackTheKnife the Thaumaturge (level 8, -4/48 HPs)
             Began as a Deep Elf Wizard on Aug 14, 2017.
             Was a Follower of Kikubaaqudgha.
             Killed from afar by a wight (20 damage)
             ... with a wand of lightning (?/15)
             ... on level 6 of the Dungeon.
             The game lasted 00:28:55 (8387 turns).

MackTheKnife the Thaumaturge (Deep Elf Wizard)      Turns: 8387, Time: 00:28:55

Health: -4/48      AC:  9    Str:  4    XL:     8   Next: 71%
Magic:  11/22      EV: 14    Int: 26    God:    Kikubaaqudgha [*.....]
Gold:   382        SH:  0    Dex: 13    Spells: 8/23 levels left

rFire    . . .     SeeInvis .   v - +4 quarterstaff (chaos)
rCold    . . .     Gourm    .   (shield currently unavailable)
rNeg     . . .     Faith    .   b - +0 leather armour
rPois    .         Spirit   .   k - +2 hat
rElec    .         Reflect  .   w - +0 cloak
rCorr    .         Harm     .   a - +0 pair of gloves
MR       .....                  p - +1 pair of boots
Stlth    ++........             (no amulet)
HPRegen  0.16/turn              (no ring)
MPRegen  0.18/turn              (no ring)

@: no status effects
A: no striking features
a: Receive Corpses, Renounce Religion


You were on level 6 of the Dungeon.
You worshipped Kikubaaqudgha.
Kikubaaqudgha was aware of your devotion.
You were hungry.

You visited 2 branches of the dungeon, and saw 8 of its levels.

You collected 382 gold pieces.

Inventory:

Hand Weapons
 i - a +0 dagger of electrocution
   (You took it off an orc wizard on level 6 of the Dungeon)
 v - a +4 quarterstaff of chaos (weapon)
   (You took it off Crazy Yiuf on level 2 of the Dungeon)
Missiles
 D - a throwing net (quivered) {=f, !d}
Armour
 a - a +0 pair of gloves (worn)
   (You found it on level 4 of the Dungeon)
 b - a +0 leather armour (worn)
   (You found it on level 3 of the Dungeon)
 k - a +2 hat (worn)
   (You found it on level 3 of the Dungeon)
 p - a +1 pair of boots (worn)
   (You found it on level 2 of the Dungeon)
 w - a +0 cloak (worn)
   (You took it off Crazy Yiuf on level 2 of the Dungeon)
Jewellery
 o - an uncursed ring of ice {rC+, rF-}
   (You found it on level 2 of the Dungeon)
Wands
 j - a wand of lightning (10/15)
   (You found it on level 6 of the Dungeon)
Scrolls
 e - 2 scrolls of fog
 n - 2 scrolls of remove curse
 u - a scroll of recharging
Potions
 f - 5 potions of curing
 g - 7 potions of heal wounds
 l - a potion of invisibility {unknown}
 q - a potion of cancellation {unknown}
 r - a potion of ambrosia {unknown}
 s - a potion of brilliance {unknown}
 t - a potion of might {unknown}
 x - 2 potions of agility {unknown}
 z - a potion of magic {unknown}
Books
 c - a book of Minor Magic
 y - Kikubaaqudgha's Grimoire of Dark Magic
   (Kikubaaqudgha gifted it to you on level 7 of the Dungeon)

   Spells                             Type                      Level
   a - Pain                           Necromancy                   1
   b - Corpse Rot                     Necromancy                   2
   c - Sublimation of Blood           Necromancy                   2
   d - Regeneration                   Charms/Necromancy            3
   e - Control Undead                 Necromancy                   4
 B - a book of Maledictions
   (You found it on level 6 of the Dungeon)
Comestibles
 d - 3 bread rations {@e1}
 h - 5 meat rations {@e2}
 m - 3 royal jellies


   Skills:
 - Level 4.4 Fighting
 - Level 7.4 Dodging
 - Level 4.3 Stealth
 + Level 8.1 Spellcasting
 - Level 3.8 Conjurations
 + Level 2.6 Charms
 - Level 1.7 Summonings
 + Level 2.2 Necromancy
 - Level 1.1 Translocations


You had 8 spell levels left.
You knew the following spells:

 Your Spells              Type           Power        Failure   Level  Hunger
a - Conjure Flame         Conj/Fire      ###.....     14%         3    None
b - Blink                 Tloc           N/A          10%         2    None
c - Call Imp              Summ           ###.....     8%          2    None
d - Pain                  Necr           ###.         4%          1    None
r - Regeneration          Chrm/Necr      ###.......   11%         3    None
x - Mephitic Cloud        Conj/Pois/Air  ###.....     17%         3    None
z - Magic Dart            Conj           ####         1%          1    None


Dungeon Overview and Level Annotations

Branches:
Dungeon (7/15)             Temple (1/1) D:5

Altars:
Fedhas
Gozag
Kikubaaqudgha
Makhleb
Nemelex Xobeh
Okawaru
Ru
Vehumet
Wu Jian
Xom
Yredelemnul

Shops:
D:5 *[(   D:6 =*?!

Annotations:
D:2 Jessica


Message History

Aim: a centaur (chance to defeat MR: 76%)
You miscast Pain.
Nothing appears to happen.
The centaur closely misses you.
Your shadow imp hits the centaur.
Your crimson imp closely misses the centaur.
You now have 13/21 mp.
Aim: a centaur (lightly wounded, chance to defeat MR: 76%)
The centaur barely resists.
The centaur hits you.
Your shadow imp closely misses the centaur.
The centaur closely misses you.
Your crimson imp hits the centaur.
You take 3 damage, and have 36/48 hp.
You now have 12/21 mp.
Aim: a centaur (lightly wounded, chance to defeat MR: 76%)
The centaur writhes in agony!
The centaur completely misses you.
Your shadow imp completely misses the centaur.
Your crimson imp completely misses the centaur.
You take 1 damage, and have 35/48 hp.
You now have 11/21 mp.
Aim: a centaur (lightly wounded, chance to defeat MR: 76%)
The centaur writhes in agony!
The centaur hits you but does no damage.
Your shadow imp barely misses the centaur.
The centaur hits you.
Your crimson imp hits the centaur.
You take 2 damage, and have 33/48 hp.
You now have 10/21 mp.
Your skin crawls.
The centaur closely misses you.
Your shadow imp hits the centaur.
Your crimson imp hits the centaur.
You now have 7/21 mp.
You hit the centaur.
The centaur suddenly stops moving!
Your shadow imp hits the centaur.
Your crimson imp hits the centaur but does no damage.
You regained 2 hp, and now have 36/48 hp.
The helpless centaur fails to defend itself.
You sock the centaur!
You kill the centaur!
Kikubaaqudgha accepts your kill.
Your Spellcasting skill increases to level 8!
Your Charms skill increases to level 2!
The centaur throws a stone.
The stone hits you but does no damage.
The centaur unwields an uncursed shortbow.
The centaur wields an uncursed club.
The centaur hits your crimson imp with an uncursed club!
The centaur throws a stone.
The stone hits your crimson imp!
Your crimson imp dies!
You swap places.
The centaur barely misses you. x2
Things that are here:
a stone; an uncursed shortbow You regained 2 hp, and now have 40/48 hp.
The centaur hits you with an uncursed club.
You take 1 damage, and have 39/48 hp.
You barely miss the centaur.
The centaur hits you but does no damage.
Your shadow imp hits the centaur.
The centaur misses you.
You closely miss the centaur.
Your skin is crawling a little less now.
Your shadow imp barely misses the centaur.
The centaur hits you with an uncursed club!
Your shadow imp hits the centaur.
You take 5 damage, and have 35/48 hp.
You hit the centaur. You freeze the centaur. The centaur barely misses you. x2
Your shadow imp hits the centaur.
Aim: a centaur, wielding a club (severely wounded, chance to defeat MR: 80%)
The centaur writhes in agony!
You kill the centaur!
Kikubaaqudgha accepts your kill.
Your Necromancy skill increases to level 2!
You now have 8/22 mp.
f - 5 potions of curing (gained 1)
n - 2 scrolls of remove curse (gained 1)
Things that are here:
an uncursed club; an uncursed shortbow; 12 stones You regained 3 hp, and now have 39/48 hp.
Okay, then.
Put on which piece of jewellery? (? for menu, Esc to quit)
Okay, then.
Wear which item? (? for menu, Esc to quit)
Okay, then.
Wield which item (- for none, * to show all)? (? for menu, Esc to quit)
Okay, then.
Okay, then.
A wight is nearby!
A wight is nearby!
A wight is nearby!
A wight is nearby!
Your skin stops crawling.
A wight comes into view. It is wielding a battleaxe.
A wight comes into view. It is wielding an enchanted spear.
The wight zaps a wand.
The bolt of lightning hits your shadow imp.
Your shadow imp dies!
The bolt of lightning hits you!
Ouch! That really hurt!
It is a wand of lightning (?/15).
You take 26 damage, and have 15/48 hp.
MASSIVE DAMAGE!!
Okay, then.
Your magical contamination has completely faded away.
You see here a dagger.
There is a stone staircase leading up here.
The wight zaps a wand.
The bolt of lightning hits you!
You die...
Kikubaaqudgha rasps: "You have failed me!
Welcome... death!"

#<..#.#.#.#..#. ##....#.#.z...#..
#............#.###(..(#.....#.#<.
...................#((...#.......
..................###((.###......
.+.......#...#.....#..#.(#..#.#.#
..######.##..#...#....(..(..#.#)#
.+ ... #...##.#.....#.#.#.# . ###
#...#.zz......)((..#
#..@).#...(.#..#.###
#....#.###...###.#....
##......#.....#..#####
#.#.##............# #...
####....#.##.# ##.. #......# .#
#.. #......# .# ... ....#....# .#
#####..ยง.# .#


You could see 2 wights.

Vanquished Creatures
  An ice beast (D:6)
  A phantom (D:5)
  2 ogres
  The ghost of 4thArraOfDagon the Chopper, an amateur HOWr (D:5)
  2 centaurs (D:6)
  A gnoll sergeant (D:5)
  A scorpion (D:4)
  A crimson imp (D:5)
  An orc priest (D:3)
  3 bullfrog skeletons
  A centaur skeleton (D:3)
  6 orc wizards
  Natasha (D:2)
  3 worker ants
  5 gnolls
  9 adders
  A howler monkey skeleton (D:3)
  An ooze (D:1)
  2 adder skeletons (D:3)
  An adder zombie (D:3)
  2 worms
  3 dart slugs
  5 leopard geckos
  32 orcs
  8 bats
  5 giant cockroaches
  5 goblins
  7 hobgoblins
  11 jackals
  2 quokkas
  A ball python skeleton (D:3)
  A ball python zombie (D:3)
  7 frilled lizards
  2 jackal skeletons
  6 kobolds
  A quokka skeleton (D:3)
  6 rats
148 creatures vanquished.

Vanquished Creatures (collateral kills)
  A centaur (D:6)
  Blork the orc (D:5)
  A bullfrog (D:6)
  2 orc priests
  Crazy Yiuf (D:2)
  An orc wizard (D:3)
  Natasha (twice) (D:2)
  A worker ant (D:5)
  A worm (D:2)
  3 orcs
  2 goblins (D:3)
  2 jackals
  A quokka (D:6)
  A bat (D:2)
20 creatures vanquished.

Vanquished Creatures (others)
  4 toadstools (D:1)
4 creatures vanquished.

Grand Total: 172 creatures vanquished

Notes
Turn   | Place    | Note
-------+----------+-------------------------------------------
     0 | D:1      | MackTheKnife the Deep Elf Wizard began the quest for the Orb.
     0 | D:1      | Reached XP level 1. HP: 10/10 MP: 7/7
   180 | D:1      | Reached XP level 2. HP: 15/15 MP: 3/9
   190 | D:1      | Learned a level 2 spell: Call Imp
   193 | D:1      | Learned a level 2 spell: Blink
   763 | D:1      | Reached skill level 2 in Conjurations
  1143 | D:2      | Noticed Natasha
  1171 | D:2      | Reached skill level 5 in Spellcasting
  1171 | D:2      | Reached XP level 3. HP: 19/19 MP: 4/11
  1254 | D:2      | Learned a level 3 spell: Mephitic Cloud
  1289 | D:2      | Killed Natasha
  1300 | D:2      | Noticed Natasha
  1445 | D:2      | Killed Natasha
  1445 | D:2      | Reached skill level 3 in Conjurations
  1445 | D:2      | Reached XP level 4. HP: 23/24 MP: 0/13
  1577 | D:2      | Noticed Jessica
  1594 | D:2      | Learned a level 3 spell: Conjure Flame
  1619 | D:2      | Found an opulent altar of Gozag.
  2118 | D:2      | Found a runed door.
  2196 | D:2      | Noticed Natasha
  2211 | D:2      | Killed Natasha
  2555 | D:2      | Noticed Crazy Yiuf
  2561 | D:2      | Killed Crazy Yiuf
  2561 | D:2      | Reached skill level 6 in Spellcasting
  2561 | D:2      | Reached XP level 5. HP: 28/28 MP: 0/15
  2867 | D:3      | Reached skill level 1 in Fighting
  3170 | D:3      | Reached skill level 2 in Fighting
  3457 | D:3      | Found a sacrificial altar of Ru.
  3625 | D:3      | Reached XP level 6. HP: 36/36 MP: 1/17
  3859 | D:3      | Reached skill level 3 in Fighting
  4586 | D:4      | Reached skill level 4 in Fighting
  4894 | D:4      | Reached XP level 7. HP: 38/44 MP: 12/18
  5019 | D:4      | Reached skill level 3 in Dodging
  5179 | D:4      | Reached skill level 4 in Dodging
  5374 | D:5      | Entered Level 5 of the Dungeon
  5374 | D:5      | Found Tyxkabb's Armour Shoppe.
  5600 | D:5      | Found Igeclit's General Store.
  5705 | D:5      | Found Vuesm's Weapon Emporium.
  5939 | D:5      | Noticed 4thArraOfDagon's ghost (amateur HOWr)
  6210 | D:5      | Noticed Blork the orc
  6236 | D:5      | Reached skill level 5 in Dodging
  6250 | D:5      | Found a staircase to the Ecumenical Temple.
  6296 | D:5      | HP: 10/44 [gnoll sergeant/trident (9)]
  6550 | D:5      | Reached skill level 3 in Stealth
  6568 | Temple   | Entered the Ecumenical Temple
  6591 | Temple   | Became a worshipper of Kikubaaqudgha
  6703 | D:5      | Killed 4thArraOfDagon's ghost
  6949 | D:6      | Found Ughuhod's Magic Scroll Boutique.
  6949 | D:6      | Found Vuboidogu's Jewellery Boutique.
  6949 | D:6      | Found Gisez's Assorted Antiques.
  7063 | D:6      | Reached skill level 4 in Stealth
  7080 | D:6      | Found Hoixiuzu's Distillery.
  7085 | D:6      | Reached skill level 6 in Dodging
  7103 | D:6      | HP: 11/44 [centaur/arrow (10)]
  7113 | D:6      | Reached XP level 8. HP: 24/48 MP: 7/19
  7594 | D:5      | Killed Blork the orc
  7594 | D:5      | Reached skill level 7 in Dodging
  7594 | D:5      | Reached skill level 7 in Spellcasting
  7876 | D:6      | Found an iron altar of Okawaru.
  7963 | D:7      | Found a shimmering altar of Xom.
  7963 | D:7      | Found a sparkling altar of Nemelex Xobeh.
  8157 | D:7      | Reached * piety under Kikubaaqudgha
  8157 | D:7      | Identified Kikubaaqudgha's Grimoire of Dark Magic (Kikubaaqudgha gifted it to you on level 7 of the Dungeon)
  8157 | D:7      | Received a gift from Kikubaaqudgha
  8165 | D:7      | Learned a level 3 spell: Regeneration
  8167 | D:7      | Learned a level 1 spell: Pain
  8271 | D:6      | Reached skill level 1 in Charms
  8348 | D:6      | Reached skill level 1 in Necromancy
  8366 | D:6      | Reached skill level 8 in Spellcasting
  8366 | D:6      | Reached skill level 2 in Charms
  8373 | D:6      | Reached skill level 2 in Necromancy
  8387 | D:6      | Killed from afar by a wight

Vault maps used:
D:1:      ldierk_walled_garden_2
D:2:      old_standard_altar, serial_corexii_hall, corexii_hall_statues_i,
          corexii_hall_statues_l, kennysheep_generic_room_11,
          uniq_crazy_yiuf_cottage, uniq_natasha, uniq_jessica
D:3:      serial_undead, serial_undead_f, serial_undead_a, serial_undead_d,
          serial_undead_c, hangedman_ru_absence
D:4:      first_bread, kennysheep_generic_room_6
D:5:      minmay_temple_entry_mist, serial_shops, kennysheep_mini,
          nicolae_shop_temple_entry_statues_fountains, shop, uniq_blork_the_orc
D:6:      nicolae_overflow_hidden_temple, gammafunk_temple_overflow_pools,
          minmay_strange_pillars, minmay_shop_grid_forest
D:7:      bloody_trog, grunt_temple_overflow_open, basic_altar
Temple:   hc_temple_tempest_star

Skill      XL: |  1  2  3  4  5  6  7  8 |
---------------+-------------------------+-----
Conjurations   | 2 3 |  3.8
Spellcasting   | 5 6 8 |  8.1
Fighting       | 2 4 |  4.4
Dodging        | 6 7 |  7.4
Stealth        | 4 |  4.3
Charms         | 2 |  2.6
Necromancy     | 2 |  2.2
Summonings     | |  1.7
Translocations | |  1.1

Action                   |  1- 3 |  4- 6 |  7- 9 || total
-------------------------+-------+-------+-------++-------
Melee: Dagger            |     3 |       |       ||     3
       Short sword       |     7 |     7 |       ||    14
       Quarterstaff      |       |    39 |    46 ||    85
Throw: Throwing net      |       |       |     1 ||     1
 Cast: Magic Dart        |    64 |   176 |   143 ||   383
       Call Imp          |     8 |    13 |    13 ||    34
       Mephitic Cloud    |     1 |     9 |    16 ||    26
       Conjure Flame     |       |     9 |    10 ||    19
       Pain              |       |       |     6 ||     6
       Regeneration      |       |       |     1 ||     1
  Use: Scroll            |       |     2 |     9 ||    11
       Potion            |       |       |     1 ||     1
 Stab: Distracted        |     1 |       |       ||     1
       Confused          |       |       |     1 ||     1
       Sleeping          |       |       |     1 ||     1
       Held in net/web   |       |       |     1 ||     1
       Paralysed         |       |       |     1 ||     1
  Eat: Chunk             |     1 |    11 |     8 ||    20
       Royal jelly       |       |       |     1 ||     1
Armor: Robe              |     8 |     6 |       ||    14
       Leather armour    |       |     9 |    34 ||    43
Dodge: Dodged            |    23 |    33 |    99 ||   155

Vault maps used:
D:1:      ldierk_walled_garden_2
D:2:      old_standard_altar, serial_corexii_hall, corexii_hall_statues_i,
          corexii_hall_statues_l, kennysheep_generic_room_11,
          uniq_crazy_yiuf_cottage, uniq_natasha, uniq_jessica
D:3:      serial_undead, serial_undead_f, serial_undead_a, serial_undead_d,
          serial_undead_c, hangedman_ru_absence
D:4:      first_bread, kennysheep_generic_room_6
D:5:      minmay_temple_entry_mist, serial_shops, kennysheep_mini,
          nicolae_shop_temple_entry_statues_fountains, shop, uniq_blork_the_orc
D:6:      nicolae_overflow_hidden_temple, gammafunk_temple_overflow_pools,
          minmay_strange_pillars, minmay_shop_grid_forest
D:7:      bloody_trog, grunt_temple_overflow_open, basic_altar
Temple:   hc_temple_tempest_star

Table legend:
 A = Turns spent in this place as a percentage of turns spent in the entire game.
 B = Non-inter-level travel turns spent in this place as a percentage of non-inter-level travel turns spent in the entire game.
 C = Inter-level travel turns spent in this place as a percentage of turns spent in this place.
 D = Turns resting spent in this place as a percentage of non-inter-level travel turns spent in this place.
 E = Turns spent auto-exploring this place as a percentage of non-inter-level travel turns spent in this place.
 F = Non-inter-level travel turns spent in this place divided by the number of levels of this place that you've seen.
                   A       B       C       D       E      F
               +-------+-------+-------+-------+-------+----------------------
         Total | 100.0 | 100.0 |   0.5 |   5.4 |   7.7 | 323.1
       Dungeon |  99.1 |  99.1 |   0.5 |   5.4 |   7.8 | 366.0
        Temple |   0.9 |   0.9 |   4.2 |   0.0 |   0.0 |  23.0
               +-------+-------+-------+-------+-------+----------------------

Table legend:
 A = Kills in this place as a percentage of kills in entire the game.
 B = Kills by you in this place as a percentage of kills by you in the entire game.
 C = Kills by friends in this place as a percentage of kills by friends in the entire game.
 D = Other kills in this place as a percentage of other kills in the entire game.
 E = Experience gained in this place as a percentage of experience gained in the entire game.
 F = Experience gained in this place divided by the number of levels of this place that you have seen.
                   A       B       C       D       E      F
               +-------+-------+-------+-------+-------+----------------------
         Total | 100.0 | 100.0 | 100.0 | 100.0 | 100.0 | 300.1
       Dungeon | 100.0 | 100.0 | 100.0 | 100.0 | 100.0 | 343.0
               +-------+-------+-------+-------+-------+----------------------
